Senators vs Sharks

Created - January 7 2008 at 16:34

Goals
1 2 3 OT1 SO T
Senators 0 4 1 0 1 6
Sharks 1 3 1 0 0 5
Shots
1 2 3 OT1 SO T
Senators 7 14 6 3 3 30
Sharks 7 12 11 1 3 31

Period #1

1. Sharks , Jonathan Cheechoo 23 (Martin Havlat, Joe Thornton) at 13:22

Penalties :
Jason Spezza (OTT) for Roughing (Double Minor) at 1:03, Markus Naslund (SJS) for Tripping (Minor) at 4:43, Mike Cammalleri (OTT) for Hooking (Minor) at 6:36, Ville Peltonen (SJS) for Hooking (Minor) at 9:09, Jason Spezza (OTT) for Slashing (Minor) at 13:35, Tomas Plekanec (SJS) for Hooking (Minor) at 17:07, Barret Jackman (SJS) for Elbowing (Minor) at 17:26

Period #2

2. Sharks , Colby Armstrong 2 (Mark Streit, Tomas Plekanec) at 3:38
3. Senators , Stephen Weiss 8 (Petr Prucha, Chris Kunitz) at 5:07
4. Senators , Jason Spezza 12 (Simon Gagne, Jay Bouwmeester) at 5:59
5. Sharks , Jonathan Cheechoo 24 (Joe Thornton, Teppo Numminen) at 7:32
6. Senators , Maxim Afinogenov 10 (Andy Mcdonald, Marc-Andre Bergeron) at 7:55
7. Senators , Jason Spezza 13 (Ilya Kovalchuk, Marc-Andre Bergeron) at 17:23 (PP)
8. Sharks , Martin Havlat 12 (Pavel Datsyuk, Barret Jackman) at 19:02 (PP)

Penalties :
Ilya Kovalchuk (OTT) for High sticking (Minor) at 0:52, Stu Barnes (SJS) for Roughing (Minor) at 13:06, Tomas Plekanec (SJS) for Interference (Minor) at 15:50, Christoph Schubert (OTT) for Cross-checking (Minor) at 18:40

Period #3

9. Senators , Simon Gagne 24 (Jay Bouwmeester) at 4:54
10. Sharks , Colby Armstrong 3 (Ville Peltonen, Tomas Plekanec) at 18:12

Penalties :
Sheldon Souray (SJS) for Roughing (Minor) at 5:01, Christoph Schubert (OTT) for Hooking (Minor) at 9:40, Anton Volchenkov (OTT) for Roughing (Minor) at 15:32

Overtime #1

No Goal

Penalties :
Sheldon Souray (SJS) for Hooking (Minor) at 0:13

Shootout

Penalty Shot by Jason Spezza for Senators - Goal!
Penalty Shot by Joe Thornton for Sharks - Stopped by Pascal Leclaire
Penalty Shot by Ilya Kovalchuk for Senators - Shot Misses the Net
Penalty Shot by Pavel Datsyuk for Sharks - Stopped by Pascal Leclaire
Penalty Shot by Simon Gagne for Senators - Shot Misses the Net
Penalty Shot by Markus Naslund for Sharks - Shot Misses the Net

Penalties :
No Penalty

Goalie Stats

Kari Lehtonen (OTT), 15 saves from 19 shots - (0.789), 39:02 minutes
Pascal Leclaire (OTT), 11 saves from 12 shots - (0.917), W, 8-6-2, 25:58 minutes
Dany Sabourin (SJS), 17 saves from 22 shots - (0.773), 44:54 minutes
Rick Dipietro (SJS), 8 saves from 8 shots - (1.000), OTL, 17-12-6, 20:06 minutes

Players Stats

Senators
Player Name              G  A  P  +/- PIM S  H  SB FO MP 
-----------------------------------------------------------
Andy Mcdonald            0  1  1   0  0   1  2  0  27 19 
Anton Volchenkov         0  0  0   0  2   1  0  1  0  17 
Chris Kunitz             0  1  1   0  0   4  1  0  3  22 
Christoph Schubert       0  0  0   0  4   0  1  2  0  11 
Dan Hamhuis              0  0  0   0  0   0  0  1  0  21 
Ilya Kovalchuk           0  1  1   0  2   4  1  0  7  18 
Jason Spezza             2  0  2   0  6   4  5  0  26 18 
Jay Bouwmeester          0  2  2   0  0   1  1  0  0  23 
Marc-Andre Bergeron      0  2  2   0  0   1  1  0  0  22 
Matt Carle               0  0  0   0  0   0  3  2  0  23 
Maxim Afinogenov         1  0  1   0  0   4  0  1  1  15 
Mike Cammalleri          0  0  0   0  2   1  0  0  0  18 
Peter Schaefer           0  0  0   0  0   0  0  0  2  12 
Petr Prucha              0  1  1   0  0   1  0  0  0  14 
Rostislav Olesz          0  0  0   0  0   0  0  2  8  12 
Simon Gagne              1  1  2   0  0   4  1  0  3  18 
Stephen Weiss            1  0  1   0  0   4  0  0  28 25 
Tom Preissing            0  0  0   0  0   0  0  2  0  15 
Sharks
Player Name              G  A  P  +/- PIM S  H  SB FO MP 
-----------------------------------------------------------
Barret Jackman           0  1  1  -1  2   1  1  1  0  25 
Colby Armstrong          2  0  2   0  0   4  1  0  0  14 
Corey Perry              0  0  0  -1  0   0  3  0  2  17 
Joe Thornton             0  2  2   1  0   3  2  0  31 22 
Jonathan Cheechoo        2  0  2   1  0   4  1  0  1  22 
Kyle Mclaren             0  0  0  -1  0   2  2  1  0  24 
Marc-Edouard Vlasic      0  0  0   0  0   0  0  0  0  7  
Mark Streit              0  1  1   0  0   0  1  0  0  18 
Markus Naslund           0  0  0  -1  2   4  1  0  13 23 
Martin Havlat            1  1  2   1  0   4  0  0  1  21 
Milan Michalek           0  0  0   0  0   1  0  0  0  9  
Niklas Kronwall          0  0  0   0  0   0  1  0  0  15 
Pavel Datsyuk            0  1  1  -1  0   5  1  0  28 24 
Sheldon Souray           0  0  0   1  4   0  2  0  0  26 
Stu Barnes               0  0  0   0  2   0  0  0  10 8  
Teppo Numminen           0  1  1   1  0   2  0  1  0  22 
Tomas Plekanec           0  2  2   0  4   0  1  1  18 14 
Ville Peltonen           0  1  1   0  2   1  0  0  1  14 

3 Stars

1 - Jason Spezza (OTT)
2 - Jonathan Cheechoo (SJS)
3 - Colby Armstrong (SJS)

Power Play

Senators - 1 on 8 Attempt(s) - 12.50%
Sharks - 1 on 7 Attempt(s) - 14.29%

Penalty Kill

Senators - 6 on 7 Attempt(s) - 85.71% - Score 0 goal in Penalty Kill
Sharks - 7 on 8 Attempt(s) - 87.50% - Score 0 goal in Penalty Kill

Game Notes

Pascal Leclaire enters game at 19:02 of 2nd period
Rick Dipietro enters game at 4:54 of 3rd period

Finance

Level 1 -- Attendance: 3586 (59.77%) -- Ticket Income $358,600.00
Level 2 -- Attendance: 2859 (57.18%) -- Ticket Income $171,540.00
Level 3 -- Attendance: 1426 (71.32%) -- Ticket Income $49,910.00
Level 4 -- Attendance: 3511 (87.78%) -- Ticket Income $70,220.00
Luxury Box -- Attendance: 787 (78.69%) -- Ticket Income $157,400.00
Game was played at the HP Pavilion
Total Attendance: 12169 (69.60%)
Total Ticket Income: $869,758.80
Other Income: $160,084.50
Total Income: $1,029,843.00


Play by Play

Period #1

0:01 of 1st period - Jason Spezza wins face-off versus Joe Thornton in neutral zone.
0:06 of 1st period - Joe Thornton is hit by Jason Spezza and loses puck.
1:03 of 1st period - Double Minor Penalty to Jason Spezza for Roughing.
1:04 of 1st period - Pavel Datsyuk wins face-off versus Stephen Weiss in Sharks zone.
1:19 of 1st period - Off-side.
1:20 of 1st period - Stephen Weiss wins face-off versus Joe Thornton in neutral zone.
2:02 of 1st period - Martin Havlat is hit by Marc-Andre Bergeron and loses puck.
2:19 of 1st period - Shot by Martin Havlat.
2:19 of 1st period - Stopped by Kari Lehtonen without a rebound.
2:20 of 1st period - Markus Naslund wins face-off versus Stephen Weiss in Senators zone.
3:06 of 1st period - Peter Schaefer is hit by Jonathan Cheechoo and loses puck.
3:21 of 1st period - Shot by Sheldon Souray.
3:21 of 1st period - Shot Misses the Net.
3:23 of 1st period - Shot by Teppo Numminen.
3:23 of 1st period - Stopped by Kari Lehtonen with a rebound.
3:34 of 1st period - Icing by Pavel Datsyuk.
3:35 of 1st period - Pavel Datsyuk wins face-off versus Stephen Weiss in Sharks zone.
3:46 of 1st period - Shot by Martin Havlat.
3:46 of 1st period - Stopped by Kari Lehtonen without a rebound.
3:47 of 1st period - Stephen Weiss wins face-off versus Joe Thornton in Senators zone.
3:58 of 1st period - Shot by Teppo Numminen.
3:58 of 1st period - Stopped by Kari Lehtonen without a rebound.
3:59 of 1st period - Stephen Weiss wins face-off versus Pavel Datsyuk in Senators zone.
4:19 of 1st period - Jay Bouwmeester is hit by Corey Perry and loses puck.
4:43 of 1st period - Minor Penalty to Markus Naslund for Tripping.
4:44 of 1st period - Joe Thornton wins face-off versus Stephen Weiss in neutral zone.
4:56 of 1st period - Icing by Matt Carle.
4:57 of 1st period - Stephen Weiss wins face-off versus Joe Thornton in Senators zone.
6:04 of 1st period - Off-side.
6:05 of 1st period - Jonathan Cheechoo wins face-off versus Jason Spezza in neutral zone.
6:20 of 1st period - Shot by Jason Spezza.
6:20 of 1st period - Stopped by Dany Sabourin with a rebound.
6:36 of 1st period - Minor Penalty to Mike Cammalleri for Hooking.
6:37 of 1st period - Pavel Datsyuk wins face-off versus Ilya Kovalchuk in Sharks zone.
6:46 of 1st period - Shot by Sheldon Souray.
6:46 of 1st period - Shot Misses the Net.
6:48 of 1st period - Shot by Teppo Numminen.
6:48 of 1st period - Deflect By Joe Thornton.
6:48 of 1st period - Shot Misses the Net.
6:50 of 1st period - Shot by Joe Thornton.
6:50 of 1st period - Shot Blocked by Anton Volchenkov.
8:05 of 1st period - Shot by Pavel Datsyuk.
8:05 of 1st period - Shot Blocked by Rostislav Olesz.
9:09 of 1st period - Minor Penalty to Ville Peltonen for Hooking.
9:10 of 1st period - Jason Spezza wins face-off versus Markus Naslund in neutral zone.
9:15 of 1st period - Shot by Jason Spezza.
9:15 of 1st period - Stopped by Dany Sabourin with a rebound.
9:17 of 1st period - Shot by Stephen Weiss.
9:17 of 1st period - Shot Misses the Net.
9:19 of 1st period - Shot by Mike Cammalleri.
9:19 of 1st period - Stopped by Dany Sabourin without a rebound.
9:20 of 1st period - Joe Thornton wins face-off versus Andy Mcdonald in Sharks zone.
9:25 of 1st period - Shot by Sheldon Souray.
9:25 of 1st period - Shot Misses the Net.
9:27 of 1st period - Shot by Joe Thornton.
9:27 of 1st period - Stopped by Kari Lehtonen without a rebound.
9:28 of 1st period - Ilya Kovalchuk wins face-off versus Joe Thornton in Senators zone.
9:30 of 1st period - Icing by Marc-Andre Bergeron.
9:31 of 1st period - Markus Naslund wins face-off versus Jason Spezza in Senators zone.
11:11 of 1st period - Jason Spezza is hit by Mark Streit and loses puck.
12:23 of 1st period - Shot by Andy Mcdonald.
12:23 of 1st period - Stopped by Dany Sabourin without a rebound.
12:24 of 1st period - Pavel Datsyuk wins face-off versus Simon Gagne in Sharks zone.
12:41 of 1st period - Shot by Pavel Datsyuk.
12:41 of 1st period - Stopped by Kari Lehtonen without a rebound.
12:42 of 1st period - Stephen Weiss wins face-off versus Joe Thornton in Senators zone.
13:22 of 1st period - Shot by Jonathan Cheechoo.
13:22 of 1st period - Goal by Jonathan Cheechoo - Senators : 0 - Sharks : 1.
13:23 of 1st period - Andy Mcdonald wins face-off versus Pavel Datsyuk in neutral zone.
13:28 of 1st period - Shot by Maxim Afinogenov.
13:28 of 1st period - Shot Misses the Net.
13:30 of 1st period - Shot by Anton Volchenkov.
13:30 of 1st period - Stopped by Dany Sabourin without a rebound.
13:31 of 1st period - Pavel Datsyuk wins face-off versus Jason Spezza in Sharks zone.
13:35 of 1st period - Minor Penalty to Jason Spezza for Slashing.
13:36 of 1st period - Pavel Datsyuk wins face-off versus Rostislav Olesz in Sharks zone.
15:43 of 1st period - Off-side.
15:44 of 1st period - Tomas Plekanec wins face-off versus Jason Spezza in neutral zone.
15:44 of 1st period - Ville Peltonen is hit by Jason Spezza and loses puck.
16:06 of 1st period - Off-side.
16:07 of 1st period - Andy Mcdonald wins face-off versus Stu Barnes in neutral zone.
16:09 of 1st period - Marc-Andre Bergeron is hit by Sheldon Souray and loses puck.
16:29 of 1st period - Icing by Anton Volchenkov.
16:30 of 1st period - Tomas Plekanec wins face-off versus Andy Mcdonald in Senators zone.
17:07 of 1st period - Minor Penalty to Tomas Plekanec for Hooking.
17:08 of 1st period - Jason Spezza wins face-off versus Markus Naslund in Senators zone.
17:15 of 1st period - Shot by Jason Spezza.
17:15 of 1st period - Shot Misses the Net.
17:26 of 1st period - Minor Penalty to Barret Jackman for Elbowing.
17:27 of 1st period - Joe Thornton wins face-off versus Andy Mcdonald in Sharks zone.
17:38 of 1st period - Shot by Simon Gagne.
17:38 of 1st period - Shot Misses the Net.
18:23 of 1st period - Shot by Marc-Andre Bergeron.
18:23 of 1st period - Stopped by Dany Sabourin without a rebound.
18:24 of 1st period - Jason Spezza wins face-off versus Pavel Datsyuk in Sharks zone.
19:39 of 1st period - Shot by Chris Kunitz.
19:39 of 1st period - Stopped by Dany Sabourin without a rebound.
19:40 of 1st period - Stephen Weiss wins face-off versus Tomas Plekanec in Sharks zone.
19:52 of 1st period - Off-side.
19:53 of 1st period - Joe Thornton wins face-off versus Andy Mcdonald in neutral zone.

Period #2

0:01 of 2nd period - Joe Thornton wins face-off versus Jason Spezza in neutral zone.
0:27 of 2nd period - Icing by Martin Havlat.
0:28 of 2nd period - Andy Mcdonald wins face-off versus Joe Thornton in Sharks zone.
0:31 of 2nd period - Shot by Maxim Afinogenov.
0:31 of 2nd period - Stopped by Dany Sabourin without a rebound.
0:32 of 2nd period - Maxim Afinogenov wins face-off versus Pavel Datsyuk in Sharks zone.
0:32 of 2nd period - Marc-Andre Bergeron is hit by Barret Jackman and loses puck.
0:52 of 2nd period - Minor Penalty to Ilya Kovalchuk for High sticking.
0:53 of 2nd period - Joe Thornton wins face-off versus Peter Schaefer in neutral zone.
1:59 of 2nd period - Off-side.
2:00 of 2nd period - Pavel Datsyuk wins face-off versus Rostislav Olesz in neutral zone.
2:02 of 2nd period - Off-side.
2:03 of 2nd period - Rostislav Olesz wins face-off versus Pavel Datsyuk in neutral zone.
2:20 of 2nd period - Shot by Martin Havlat.
2:20 of 2nd period - Shot Misses the Net.
2:22 of 2nd period - Shot by Corey Perry.
2:22 of 2nd period - Deflect By Pavel Datsyuk.
2:22 of 2nd period - Stopped by Kari Lehtonen without a rebound.
2:23 of 2nd period - Rostislav Olesz wins face-off versus Joe Thornton in Senators zone.
2:44 of 2nd period - Off-side.
2:45 of 2nd period - Stephen Weiss wins face-off versus Pavel Datsyuk in neutral zone.
3:38 of 2nd period - Shot by Colby Armstrong.
3:38 of 2nd period - Goal by Colby Armstrong - Senators : 0 - Sharks : 2.
3:39 of 2nd period - Andy Mcdonald wins face-off versus Stu Barnes in neutral zone.
3:46 of 2nd period - Shot by Ilya Kovalchuk.
3:46 of 2nd period - Shot Misses the Net.
4:24 of 2nd period - Shot by Milan Michalek.
4:24 of 2nd period - Shot Misses the Net.
4:59 of 2nd period - Shot by Petr Prucha.
4:59 of 2nd period - Shot Misses the Net.
5:01 of 2nd period - Shot by Stephen Weiss.
5:01 of 2nd period - Stopped by Dany Sabourin with a rebound.
5:03 of 2nd period - Shot by Stephen Weiss.
5:03 of 2nd period - Shot Blocked by Kyle Mclaren.
5:05 of 2nd period - Shot by Stephen Weiss.
5:05 of 2nd period - Stopped by Dany Sabourin with a rebound.
5:07 of 2nd period - Shot by Stephen Weiss.
5:07 of 2nd period - Goal by Stephen Weiss - Senators : 1 - Sharks : 2.
5:08 of 2nd period - Tomas Plekanec wins face-off versus Jason Spezza in neutral zone.
5:14 of 2nd period - Icing by Simon Gagne.
5:15 of 2nd period - Tomas Plekanec wins face-off versus Jason Spezza in Senators zone.
5:15 of 2nd period - Tomas Plekanec is hit by Matt Carle.
5:34 of 2nd period - Icing by Mike Cammalleri.
5:35 of 2nd period - Jason Spezza wins face-off versus Joe Thornton in Senators zone.
5:46 of 2nd period - Teppo Numminen is hit by Jason Spezza and loses puck.
5:52 of 2nd period - Jason Spezza is hit by Sheldon Souray and loses puck.
5:57 of 2nd period - Shot by Simon Gagne.
5:57 of 2nd period - Stopped by Dany Sabourin with a rebound.
5:59 of 2nd period - Shot by Jason Spezza.
5:59 of 2nd period - Goal by Jason Spezza - Senators : 2 - Sharks : 2.
6:00 of 2nd period - Stephen Weiss wins face-off versus Pavel Datsyuk in neutral zone.
6:13 of 2nd period - Shot by Chris Kunitz.
6:13 of 2nd period - Shot Blocked by Barret Jackman.
6:17 of 2nd period - Shot by Stephen Weiss.
6:17 of 2nd period - Shot Misses the Net.
6:19 of 2nd period - Shot by Dan Hamhuis.
6:19 of 2nd period - Shot Misses the Net.
6:49 of 2nd period - Icing by Kyle Mclaren.
6:50 of 2nd period - Andy Mcdonald wins face-off versus Corey Perry in Sharks zone.
6:55 of 2nd period - Shot by Maxim Afinogenov.
6:55 of 2nd period - Stopped by Dany Sabourin without a rebound.
6:56 of 2nd period - Joe Thornton wins face-off versus Andy Mcdonald in Sharks zone.
7:16 of 2nd period - Icing by Sheldon Souray.
7:17 of 2nd period - Simon Gagne wins face-off versus Joe Thornton in Sharks zone.
7:26 of 2nd period - Shot by Martin Havlat.
7:26 of 2nd period - Shot Misses the Net.
7:28 of 2nd period - Shot by Teppo Numminen.
7:28 of 2nd period - Shot Blocked by Matt Carle.
7:32 of 2nd period - Shot by Jonathan Cheechoo.
7:32 of 2nd period - Goal by Jonathan Cheechoo - Senators : 2 - Sharks : 3.
7:33 of 2nd period - Tomas Plekanec wins face-off versus Andy Mcdonald in neutral zone.
7:55 of 2nd period - Shot by Maxim Afinogenov.
7:55 of 2nd period - Goal by Maxim Afinogenov - Senators : 3 - Sharks : 3.
7:56 of 2nd period - Stephen Weiss wins face-off versus Pavel Datsyuk in neutral zone.
8:09 of 2nd period - Shot by Petr Prucha.
8:09 of 2nd period - Shot Misses the Net.
8:11 of 2nd period - Shot by Stephen Weiss.
8:11 of 2nd period - Stopped by Dany Sabourin without a rebound.
8:12 of 2nd period - Stu Barnes wins face-off versus Jason Spezza in Sharks zone.
9:38 of 2nd period - Shot by Markus Naslund.
9:38 of 2nd period - Shot Misses the Net.
9:42 of 2nd period - Shot by Pavel Datsyuk.
9:42 of 2nd period - Shot Misses the Net.
9:46 of 2nd period - Shot by Markus Naslund.
9:46 of 2nd period - Stopped by Kari Lehtonen without a rebound.
9:47 of 2nd period - Tomas Plekanec wins face-off versus Andy Mcdonald in Senators zone.
10:22 of 2nd period - Shot by Ilya Kovalchuk.
10:22 of 2nd period - Shot Blocked by Tomas Plekanec.
10:41 of 2nd period - Mark Streit is hit by Chris Kunitz.
11:09 of 2nd period - Shot by Chris Kunitz.
11:09 of 2nd period - Stopped by Dany Sabourin with a rebound.
11:21 of 2nd period - Shot by Martin Havlat.
11:21 of 2nd period - Shot Blocked by Christoph Schubert.
11:23 of 2nd period - Shot by Martin Havlat.
11:23 of 2nd period - Shot Misses the Net.
11:25 of 2nd period - Shot by Joe Thornton.
11:25 of 2nd period - Shot Blocked by Christoph Schubert.
11:57 of 2nd period - Off-side.
11:58 of 2nd period - Andy Mcdonald wins face-off versus Pavel Datsyuk in neutral zone.
12:15 of 2nd period - Rostislav Olesz is hit by Kyle Mclaren and loses puck.
12:39 of 2nd period - Icing by Peter Schaefer.
12:40 of 2nd period - Stu Barnes wins face-off versus Andy Mcdonald in Senators zone.
13:06 of 2nd period - Minor Penalty to Stu Barnes for Roughing.
13:07 of 2nd period - Joe Thornton wins face-off versus Ilya Kovalchuk in Senators zone.
13:16 of 2nd period - Shot by Joe Thornton.
13:16 of 2nd period - Stopped by Kari Lehtonen with a rebound.
13:38 of 2nd period - Shot by Pavel Datsyuk.
13:38 of 2nd period - Stopped by Kari Lehtonen without a rebound.
13:39 of 2nd period - Markus Naslund wins face-off versus Jason Spezza in Senators zone.
14:51 of 2nd period - Icing by Jay Bouwmeester.
14:52 of 2nd period - Markus Naslund wins face-off versus Andy Mcdonald in Senators zone.
15:09 of 2nd period - Chris Kunitz is hit by Niklas Kronwall and loses puck.
15:22 of 2nd period - Chris Kunitz is hit by Tomas Plekanec and loses puck.
15:31 of 2nd period - Icing by Tomas Plekanec.
15:32 of 2nd period - Ville Peltonen wins face-off versus Peter Schaefer in Sharks zone.
15:50 of 2nd period - Minor Penalty to Tomas Plekanec for Interference.
15:51 of 2nd period - Jason Spezza wins face-off versus Joe Thornton in Senators zone.
15:58 of 2nd period - Shot by Ilya Kovalchuk.
15:58 of 2nd period - Stopped by Dany Sabourin with a rebound.
16:00 of 2nd period - Shot by Ilya Kovalchuk.
16:00 of 2nd period - Stopped by Dany Sabourin without a rebound.
16:01 of 2nd period - Joe Thornton wins face-off versus Andy Mcdonald in Sharks zone.
16:25 of 2nd period - Teppo Numminen is hit by Andy Mcdonald and loses puck.
16:58 of 2nd period - Ilya Kovalchuk is hit by Markus Naslund and loses puck.
17:17 of 2nd period - Shot by Ilya Kovalchuk.
17:17 of 2nd period - Stopped by Dany Sabourin with a rebound.
17:19 of 2nd period - Shot by Ilya Kovalchuk.
17:19 of 2nd period - Shot Misses the Net.
17:21 of 2nd period - Shot by Jason Spezza.
17:21 of 2nd period - Shot Misses the Net.
17:23 of 2nd period - Shot by Jason Spezza.
17:23 of 2nd period - Goal by Jason Spezza - Senators : 4 - Sharks : 3.
17:24 of 2nd period - Simon Gagne wins face-off versus Tomas Plekanec in neutral zone.
17:56 of 2nd period - Shot by Tomas Plekanec.
17:56 of 2nd period - Deflect By Ville Peltonen.
17:56 of 2nd period - Stopped by Kari Lehtonen without a rebound.
17:57 of 2nd period - Andy Mcdonald wins face-off versus Stu Barnes in Senators zone.
18:06 of 2nd period - Shot by Milan Michalek.
18:06 of 2nd period - Stopped by Kari Lehtonen without a rebound.
18:07 of 2nd period - Stu Barnes wins face-off versus Jason Spezza in Senators zone.
18:32 of 2nd period - Shot by Jonathan Cheechoo.
18:32 of 2nd period - Stopped by Kari Lehtonen without a rebound.
18:33 of 2nd period - Tomas Plekanec wins face-off versus Stephen Weiss in Senators zone.
18:40 of 2nd period - Minor Penalty to Christoph Schubert for Cross-checking.
18:41 of 2nd period - Pavel Datsyuk wins face-off versus Rostislav Olesz in Senators zone.
18:42 of 2nd period - Shot by Kyle Mclaren.
18:42 of 2nd period - Stopped by Kari Lehtonen with a rebound.
18:44 of 2nd period - Shot by Kyle Mclaren.
18:44 of 2nd period - Stopped by Kari Lehtonen without a rebound.
18:45 of 2nd period - Stephen Weiss wins face-off versus Pavel Datsyuk in Senators zone.
18:45 of 2nd period - Chris Kunitz is hit by Corey Perry and loses puck.
18:56 of 2nd period - Shot by Pavel Datsyuk.
18:56 of 2nd period - Shot Blocked by Dan Hamhuis.
18:58 of 2nd period - Shot by Barret Jackman.
18:58 of 2nd period - Deflect By Pavel Datsyuk.
18:58 of 2nd period - Shot Misses the Net.
19:00 of 2nd period - Shot by Martin Havlat.
19:00 of 2nd period - Shot Misses the Net.
19:02 of 2nd period - Shot by Martin Havlat.
19:02 of 2nd period - Goal by Martin Havlat - Senators : 4 - Sharks : 4.
19:02 of 2nd period - Pascal Leclaire enters game.
19:03 of 2nd period - Tomas Plekanec wins face-off versus Andy Mcdonald in neutral zone.
19:37 of 2nd period - Icing by Tom Preissing.
19:38 of 2nd period - Andy Mcdonald wins face-off versus Joe Thornton in Senators zone.
19:38 of 2nd period - Andy Mcdonald is hit by Joe Thornton.
19:41 of 2nd period - Icing by Peter Schaefer.
19:42 of 2nd period - Andy Mcdonald wins face-off versus Joe Thornton in Senators zone.

Period #3

0:01 of 3rd period - Joe Thornton wins face-off versus Jason Spezza in neutral zone.
0:03 of 3rd period - Sheldon Souray is hit by Jay Bouwmeester and loses puck.
0:06 of 3rd period - Shot by Jonathan Cheechoo.
0:06 of 3rd period - Deflect By Martin Havlat.
0:06 of 3rd period - Shot Blocked by Matt Carle.
0:08 of 3rd period - Shot by Joe Thornton.
0:08 of 3rd period - Shot Misses the Net.
0:27 of 3rd period - Martin Havlat is hit by Jason Spezza and loses puck.
0:38 of 3rd period - Shot by Jonathan Cheechoo.
0:38 of 3rd period - Stopped by Pascal Leclaire without a rebound.
0:39 of 3rd period - Andy Mcdonald wins face-off versus Pavel Datsyuk in Senators zone.
0:43 of 3rd period - Off-side.
0:44 of 3rd period - Tomas Plekanec wins face-off versus Stephen Weiss in neutral zone.
1:02 of 3rd period - Icing by Dan Hamhuis.
1:03 of 3rd period - Stephen Weiss wins face-off versus Pavel Datsyuk in Senators zone.
1:03 of 3rd period - Stephen Weiss is hit by Corey Perry.
1:12 of 3rd period - Petr Prucha is hit by Kyle Mclaren and loses puck.
1:32 of 3rd period - Off-side.
1:33 of 3rd period - Joe Thornton wins face-off versus Jason Spezza in neutral zone.
1:33 of 3rd period - Joe Thornton is hit by Simon Gagne.
1:50 of 3rd period - Jonathan Cheechoo is hit by Matt Carle and loses puck.
2:08 of 3rd period - Icing by Matt Carle.
2:09 of 3rd period - Jason Spezza wins face-off versus Tomas Plekanec in Senators zone.
2:16 of 3rd period - Icing by Ville Peltonen.
2:17 of 3rd period - Tomas Plekanec wins face-off versus Andy Mcdonald in Sharks zone.
2:17 of 3rd period - Tomas Plekanec is hit by Andy Mcdonald.
2:23 of 3rd period - Anton Volchenkov is hit by Colby Armstrong and loses puck.
2:30 of 3rd period - Shot by Tomas Plekanec.
2:30 of 3rd period - Deflect By Colby Armstrong.
2:30 of 3rd period - Stopped by Pascal Leclaire without a rebound.
2:31 of 3rd period - Corey Perry wins face-off versus Stephen Weiss in Senators zone.
3:04 of 3rd period - Shot by Pavel Datsyuk.
3:04 of 3rd period - Shot Misses the Net.
3:44 of 3rd period - Shot by Ilya Kovalchuk.
3:44 of 3rd period - Shot Blocked by Teppo Numminen.
4:54 of 3rd period - Shot by Simon Gagne.
4:54 of 3rd period - Goal by Simon Gagne - Senators : 5 - Sharks : 4.
4:54 of 3rd period - Rick Dipietro enters game.
4:55 of 3rd period - Stephen Weiss wins face-off versus Stu Barnes in neutral zone.
5:01 of 3rd period - Minor Penalty to Sheldon Souray for Roughing.
5:02 of 3rd period - Jason Spezza wins face-off versus Martin Havlat in Sharks zone.
6:22 of 3rd period - Icing by Jason Spezza.
6:23 of 3rd period - Jason Spezza wins face-off versus Markus Naslund in Senators zone.
6:46 of 3rd period - Icing by Anton Volchenkov.
6:47 of 3rd period - Jason Spezza wins face-off versus Markus Naslund in Senators zone.
7:20 of 3rd period - Icing by Marc-Edouard Vlasic.
7:21 of 3rd period - Stephen Weiss wins face-off versus Stu Barnes in Sharks zone.
7:41 of 3rd period - Stu Barnes is hit by Christoph Schubert.
8:37 of 3rd period - Shot by Mike Cammalleri.
8:37 of 3rd period - Shot Misses the Net.
9:25 of 3rd period - Shot by Pavel Datsyuk.
9:25 of 3rd period - Deflect By Markus Naslund.
9:25 of 3rd period - Shot Misses the Net.
9:27 of 3rd period - Shot by Pavel Datsyuk.
9:27 of 3rd period - Shot Blocked by Maxim Afinogenov.
9:31 of 3rd period - Shot by Markus Naslund.
9:31 of 3rd period - Stopped by Pascal Leclaire with a rebound.
9:33 of 3rd period - Shot by Barret Jackman.
9:33 of 3rd period - Stopped by Pascal Leclaire without a rebound.
9:34 of 3rd period - Joe Thornton wins face-off versus Chris Kunitz in Senators zone.
9:40 of 3rd period - Minor Penalty to Christoph Schubert for Hooking.
9:41 of 3rd period - Rostislav Olesz wins face-off versus Joe Thornton in Senators zone.
9:51 of 3rd period - Off-side.
9:52 of 3rd period - Joe Thornton wins face-off versus Rostislav Olesz in neutral zone.
10:06 of 3rd period - Shot by Sheldon Souray.
10:06 of 3rd period - Shot Misses the Net.
10:20 of 3rd period - Shot by Joe Thornton.
10:20 of 3rd period - Deflect By Markus Naslund.
10:20 of 3rd period - Shot Misses the Net.
11:48 of 3rd period - Icing by Jay Bouwmeester.
11:49 of 3rd period - Jason Spezza wins face-off versus Tomas Plekanec in Senators zone.
12:06 of 3rd period - Shot by Mike Cammalleri.
12:06 of 3rd period - Deflect By Simon Gagne.
12:06 of 3rd period - Stopped by Rick Dipietro without a rebound.
12:07 of 3rd period - Andy Mcdonald wins face-off versus Stu Barnes in Sharks zone.
13:20 of 3rd period - Icing by Dan Hamhuis.
13:21 of 3rd period - Stephen Weiss wins face-off versus Tomas Plekanec in Senators zone.
13:30 of 3rd period - Shot by Petr Prucha.
13:30 of 3rd period - Shot Misses the Net.
13:34 of 3rd period - Shot by Stephen Weiss.
13:34 of 3rd period - Shot Misses the Net.
13:38 of 3rd period - Shot by Chris Kunitz.
13:38 of 3rd period - Deflect By Petr Prucha.
13:38 of 3rd period - Stopped by Rick Dipietro without a rebound.
13:39 of 3rd period - Pavel Datsyuk wins face-off versus Jason Spezza in Sharks zone.
13:50 of 3rd period - Shot by Pavel Datsyuk.
13:50 of 3rd period - Stopped by Pascal Leclaire without a rebound.
13:51 of 3rd period - Tomas Plekanec wins face-off versus Andy Mcdonald in Senators zone.
14:14 of 3rd period - Shot by Marc-Andre Bergeron.
14:14 of 3rd period - Shot Misses the Net.
14:18 of 3rd period - Shot by Maxim Afinogenov.
14:18 of 3rd period - Stopped by Rick Dipietro without a rebound.
14:19 of 3rd period - Markus Naslund wins face-off versus Jason Spezza in Sharks zone.
15:19 of 3rd period - Shot by Jonathan Cheechoo.
15:19 of 3rd period - Shot Misses the Net.
15:21 of 3rd period - Shot by Joe Thornton.
15:21 of 3rd period - Stopped by Pascal Leclaire without a rebound.
15:22 of 3rd period - Tomas Plekanec wins face-off versus Andy Mcdonald in Senators zone.
15:32 of 3rd period - Minor Penalty to Anton Volchenkov for Roughing.
15:33 of 3rd period - Joe Thornton wins face-off versus Stephen Weiss in Senators zone.
15:58 of 3rd period - Shot by Markus Naslund.
15:58 of 3rd period - Stopped by Pascal Leclaire without a rebound.
15:59 of 3rd period - Pavel Datsyuk wins face-off versus Rostislav Olesz in Senators zone.
16:20 of 3rd period - Shot by Kyle Mclaren.
16:20 of 3rd period - Shot Blocked by Tom Preissing.
16:24 of 3rd period - Shot by Martin Havlat.
16:24 of 3rd period - Shot Blocked by Tom Preissing.
16:26 of 3rd period - Shot by Martin Havlat.
16:26 of 3rd period - Stopped by Pascal Leclaire with a rebound.
16:28 of 3rd period - Shot by Pavel Datsyuk.
16:28 of 3rd period - Shot Misses the Net.
16:32 of 3rd period - Shot by Martin Havlat.
16:32 of 3rd period - Shot Blocked by Rostislav Olesz.
17:05 of 3rd period - Off-side.
17:06 of 3rd period - Pavel Datsyuk wins face-off versus Stephen Weiss in neutral zone.
17:09 of 3rd period - Shot by Pavel Datsyuk.
17:09 of 3rd period - Stopped by Pascal Leclaire without a rebound.
17:10 of 3rd period - Joe Thornton wins face-off versus Stephen Weiss in Senators zone.
17:29 of 3rd period - Stephen Weiss is hit by Joe Thornton and loses puck.
17:53 of 3rd period - Shot by Colby Armstrong.
17:53 of 3rd period - Shot Misses the Net.
18:06 of 3rd period - Shot by Tomas Plekanec.
18:06 of 3rd period - Shot Misses the Net.
18:08 of 3rd period - Shot by Tomas Plekanec.
18:08 of 3rd period - Shot Misses the Net.
18:12 of 3rd period - Shot by Colby Armstrong.
18:12 of 3rd period - Goal by Colby Armstrong - Senators : 5 - Sharks : 5.
18:13 of 3rd period - Chris Kunitz wins face-off versus Markus Naslund in neutral zone.
18:18 of 3rd period - Christoph Schubert is hit by Pavel Datsyuk and loses puck.
18:34 of 3rd period - Icing by Dan Hamhuis.
18:35 of 3rd period - Stephen Weiss wins face-off versus Stu Barnes in Senators zone.
18:54 of 3rd period - Shot by Chris Kunitz.
18:54 of 3rd period - Shot Misses the Net.
18:56 of 3rd period - Shot by Chris Kunitz.
18:56 of 3rd period - Shot Misses the Net.
19:10 of 3rd period - Jonathan Cheechoo is hit by Jason Spezza and loses puck.
19:17 of 3rd period - Shot by Jason Spezza.
19:17 of 3rd period - Shot Misses the Net.
19:19 of 3rd period - Shot by Jay Bouwmeester.
19:19 of 3rd period - Stopped by Rick Dipietro without a rebound.
19:20 of 3rd period - Tomas Plekanec wins face-off versus Andy Mcdonald in Sharks zone.
19:20 of 3rd period - Tomas Plekanec is hit by Ilya Kovalchuk.
19:40 of 3rd period - Shot by Tomas Plekanec.
19:40 of 3rd period - Shot Misses the Net.
19:42 of 3rd period - Shot by Tomas Plekanec.
19:42 of 3rd period - Deflect By Colby Armstrong.
19:42 of 3rd period - Stopped by Pascal Leclaire without a rebound.
19:43 of 3rd period - Jason Spezza wins face-off versus Pavel Datsyuk in Senators zone.
19:56 of 3rd period - Shot by Simon Gagne.
19:56 of 3rd period - Stopped by Rick Dipietro without a rebound.
19:57 of 3rd period - Andy Mcdonald wins face-off versus Joe Thornton in Sharks zone.

Overtime #1

0:01 of 1st overtime period - Stephen Weiss wins face-off versus Pavel Datsyuk in neutral zone.
0:13 of 1st overtime period - Minor Penalty to Sheldon Souray for Hooking.
0:14 of 1st overtime period - Ilya Kovalchuk wins face-off versus Pavel Datsyuk in Sharks zone.
0:37 of 1st overtime period - Shot by Ilya Kovalchuk.
0:37 of 1st overtime period - Stopped by Rick Dipietro without a rebound.
0:38 of 1st overtime period - Pavel Datsyuk wins face-off versus Stephen Weiss in Sharks zone.
1:11 of 1st overtime period - Shot by Chris Kunitz.
1:11 of 1st overtime period - Stopped by Rick Dipietro without a rebound.
1:12 of 1st overtime period - Pavel Datsyuk wins face-off versus Ilya Kovalchuk in Sharks zone.
1:50 of 1st overtime period - Shot by Ilya Kovalchuk.
1:50 of 1st overtime period - Shot Misses the Net.
2:24 of 1st overtime period - Shot by Chris Kunitz.
2:24 of 1st overtime period - Stopped by Rick Dipietro without a rebound.
2:25 of 1st overtime period - Joe Thornton wins face-off versus Chris Kunitz in Sharks zone.
2:53 of 1st overtime period - Pavel Datsyuk is hit by Matt Carle.
3:09 of 1st overtime period - Shot by Markus Naslund.
3:09 of 1st overtime period - Stopped by Pascal Leclaire without a rebound.
3:10 of 1st overtime period - Ilya Kovalchuk wins face-off versus Markus Naslund in Senators zone.
3:34 of 1st overtime period - Icing by Markus Naslund.
3:35 of 1st overtime period - Markus Naslund wins face-off versus Ilya Kovalchuk in Sharks zone.
4:05 of 1st overtime period - Icing by Barret Jackman.
4:06 of 1st overtime period - Markus Naslund wins face-off versus Stephen Weiss in Sharks zone.

ShootOut

ShootOut - Penalty Shot by Jason Spezza for Senators.
ShootOut - Goal by Jason Spezza.
ShootOut - Penalty Shot by Joe Thornton for Sharks.
ShootOut - Stopped by Pascal Leclaire.
ShootOut - Penalty Shot by Ilya Kovalchuk for Senators.
ShootOut - Shot Misses the Net.
ShootOut - Penalty Shot by Pavel Datsyuk for Sharks.
ShootOut - Stopped by Pascal Leclaire.
ShootOut - Penalty Shot by Simon Gagne for Senators.
ShootOut - Shot Misses the Net.
ShootOut - Penalty Shot by Markus Naslund for Sharks.
ShootOut - Shot Misses the Net.


Output by the SimonT Hockey Simulator (STHS) for Stephane Roy -- Original Page W3C XHTML 1.0 Valid